Map: Arctic Dream LE

Players

qqq

  • Race: Zerg Zerg
  • League: Platinum
  • Spawn Location: 12:00

Massa

  • Race: Terran Terran
  • League: Gold
  • Spawn Location: 11:00

Dynamics - Winner!

  • Race: Zerg Zerg
  • League: Platinum
  • Spawn Location: 5:00

Guardian - Winner!

  • Race: Protoss Protoss
  • League: Gold
  • Spawn Location: 6:00

VOD

Have the link to the VOD?

Description

Time

  • Played on: June 3, 2020, 11:45 a.m.
  • Length: 9:34
Show
View Real Time Build Order
Export as new Build Order

qqq Zerg 

Build Orders: Hatch First 

Get SALT Encoding   

  12  0:02  Drone  
  13  0:08  Drone  
  14  0:35  Hatchery  
  13  0:51  Spawning Pool  
  12  1:01  Overlord  
  12  1:02  Drone  
  13  1:06  Drone  
  14  1:13  Extractor, Drone  
  14  1:25  Drone  
  15  1:41  Queen  
  17  1:47  Queen  
  17  1:50  Drone  
  20  1:55  Drone  
  20  1:59  Overlord  
  21  2:06  Drone  
  22  2:18  Roach Warren  
  22  2:21  Drone  
  22  2:27  Zergling x2  
  23  2:31  Metabolic Boost  
  23  2:36  Zergling x2  
  24  2:39  Drone  
  24  2:43  Drone  
  26  2:46  Zergling x2  
  27  2:56  Zergling x4  
  27  2:57  Drone  
  30  3:00  Drone  
  30  3:05  Roach  
  33  3:10  Roach  
  33  3:12  Drone  
  36  3:18  Overlord  
  36  3:24  Overlord  
  36  3:37  Roach x3  
  36  3:38  Drone  
  43  3:43  Overlord  
  43  3:58  Roach x2  
  43  3:59  Drone x3  
  50  4:10  Roach  
  50  4:11  Roach x2  
  50  4:13  Extractor  
  50  4:14  Drone  
  50  4:16  Drone  
  57  4:27  Roach  
  59  4:32  Baneling Nest  
  59  4:34  Roach  
  56  4:47  Roach  
  56  4:48  Zergling x2  
  56  4:49  Overlord x2  
  56  4:50  Overlord  
  58  5:26  Roach x3  
  58  5:27  Drone x2, Roach  
  66  5:42  Roach  
  68  5:46  Overlord  
  68  5:47  Hatchery  
  67  5:51  Ravager x3  
  70  6:00  Drone x4  
  70  6:04  Zergling x2  
  75  6:06  Baneling x2  
  75  6:11  Hatchery  
  75  6:17  Drone  
  75  6:19  Drone x2, Roach  
  75  6:23  Extractor  
  75  6:24  Lair  
  77  6:59  Roach x3  
  77  7:00  Drone x3, Roach  
  93  7:01  Roach x5  
  97  7:20  Overlord x2  
  97  7:21  Overlord x4  
  97  7:26  Drone x3  
  100  7:31  Drone  
  100  7:32  Evolution Chamber  
  100  7:37  Evolution Chamber  
  77  8:03  Roach x4  
  77  8:04  Roach x4  
  77  8:05  Roach x3  
  82  8:11  Glial Reconstitution  
  76  8:16  Drone  
  76  8:17  Drone  
  76  8:36  Drone, Roach x3  
  76  8:37  Drone x6  
  72  8:57  Roach  
  72  8:58  Roach  
  72  8:59  Roach x2  
  83  9:07  Infestation Pit  
Show
View Real Time Build Order
Export as new Build Order

Massa Terran 

Build Orders: 2 Factory 

Get SALT Encoding   

  12  0:11  Supply Depot  
  12  0:15  SCV  
  13  0:27  SCV  
  14  0:35  Barracks  
  14  0:39  SCV  
  15  0:48  Refinery  
  15  0:52  SCV  
  16  1:00  Supply Depot  
  16  1:04  SCV  
  17  1:16  SCV  
  18  1:27  Marine  
  18  1:28  SCV  
  20  1:34  Refinery  
  20  1:40  SCV  
  21  1:50  Reaper  
  21  1:53  SCV  
  23  2:06  Orbital Command  
  23  2:10  Supply Depot  
  23  2:18  Factory  
  23  2:24  Marine  
  24  2:42  Marine  
  24  2:43  Factory  
  24  3:06  SCV  
  25  3:14  Marine  
  25  3:16  Factory Tech Lab  
  25  3:19  SCV  
  27  3:26  Command Center  
  27  3:31  SCV  
  28  3:43  SCV  
  29  4:00  SCV  
  29  4:05  Siege Tank  
  29  4:07  Factory Reactor  
  32  4:12  SCV  
  33  4:22  Barracks  
  34  4:24  SCV  
  34  4:25  Supply Depot  
  34  4:28  Engineering Bay  
  34  4:31  Marine  
  35  4:36  SCV  
  35  4:37  Infernal Pre-Igniter  
  36  4:49  Hellion x2  
  43  4:52  Cyclone  
  43  5:01  Orbital Command  
  43  5:07  SCV  
  43  5:11  Hellion x2  
  48  5:19  SCV  
  49  5:24  Barracks Tech Lab  
  49  5:31  SCV  
  49  5:32  Hellion x2  
  49  5:34  Siege Tank  
  57  5:43  SCV  
  57  5:48  Barracks Reactor  
  58  5:53  Hellion  
  58  5:54  Hellion  
  58  5:56  Mag-Field Accelerator  
  62  6:01  Missile Turret  
  62  6:02  Supply Depot  
  62  6:22  Missile Turret  
  62  6:24  SCV, Hellion x2, Siege Tank  
  62  6:25  Supply Depot  
  61  6:48  Supply Depot  
  59  7:07  Hellion x3  
  65  7:20  SCV  
  65  7:21  SCV  
  67  7:28  Widow Mine x3  
  73  7:30  Starport, Command Center  
  73  7:32  SCV  
  73  7:33  SCV  
  73  7:36  Marauder, Marine x2  
  79  7:37  Barracks  
  79  7:38  Terran Infantry Weapons Level 1  
  77  7:44  SCV  
  77  7:45  SCV  
  77  7:49  Widow Mine  
  63  7:53  Marine  
  63  7:54  Marine  
  63  7:56  SCV  
  63  7:57  Marauder  
  63  8:05  Siege Tank  
  66  8:07  Starport, Hellion  
  66  8:11  Hellion  
  70  8:19  Marauder  
  72  8:28  Hellion  
  72  8:32  Hellion  
  56  8:37  Hellion  
  56  8:41  Barracks  
  56  8:50  Hellion  
  56  8:54  Marauder, Marine x2  
  60  9:00  SCV  
  53  9:12  Marine x2  
Show
View Real Time Build Order
Export as new Build Order

Dynamics Zerg - Winner!

Build Orders: Hatch First 

Get SALT Encoding   

  12  0:00  Drone  
  13  0:13  Overlord  
  13  0:17  Drone  
  14  0:31  Drone x2  
  14  0:34  Drone  
  17  0:52  Hatchery  
  17  0:55  Drone  
  17  0:59  Drone  
  18  1:11  Extractor  
  17  1:14  Spawning Pool  
  17  1:16  Drone  
  17  1:20  Drone  
  18  1:28  Drone  
  19  1:42  Overlord  
  19  1:55  Drone  
  19  2:01  Queen  
  20  2:02  Zergling x2  
  20  2:03  Queen  
  25  2:08  Drone  
  25  2:10  Metabolic Boost  
  25  2:15  Drone x2  
  29  2:22  Drone  
  29  2:27  Drone  
  30  2:34  Drone  
  31  2:38  Queen  
  33  2:46  Zergling x2  
  33  2:47  Overlord  
  33  2:49  Drone  
  35  3:04  Overlord  
  35  3:05  Queen  
  37  3:09  Drone x2  
  37  3:10  Drone  
  40  3:16  Drone  
  40  3:17  Drone x2  
  43  3:20  Overlord  
  43  3:24  Drone  
  43  3:25  Hatchery  
  43  3:34  Drone x4  
  44  3:39  Overlord  
  47  3:45  Zergling x8  
  51  3:54  Overlord  
  51  3:55  Overlord  
  51  4:07  Baneling Nest  
  50  4:11  Drone  
  50  4:12  Drone x4  
  55  4:22  Zergling x2  
  56  4:26  Lair  
  56  4:27  Queen  
  56  4:29  Drone x2  
  60  4:45  Zergling x18  
  64  4:52  Spine Crawler  
  66  4:55  Extractor  
  63  5:07  Baneling  
  63  5:08  Baneling x7, Zergling x2  
  63  5:09  Zergling x14  
  68  5:27  Drone, Roach Warren  
  68  5:28  Drone x5  
  73  5:33  Queen  
  75  5:41  Spore Crawler  
  75  5:42  Spore Crawler  
  73  5:52  Extractor  
  73  5:53  Extractor  
  73  5:55  Drone  
  73  5:56  Drone x2, Extractor  
  73  5:57  Drone x3  
  73  5:59  Drone x3  
  73  6:00  Drone  
  73  6:01  Drone x2  
  82  6:07  Overlord x4  
  82  6:11  Glial Reconstitution  
  81  6:26  Roach x5  
  78  6:41  Roach x4  
  78  6:42  Roach x2  
  81  6:50  Roach  
  81  6:51  Roach x3  
  81  7:02  Roach x5  
  91  7:15  Queen  
  91  7:16  Queen  
  91  7:21  Roach x6  
  107  7:26  Overseer  
  107  7:28  Hatchery  
  106  7:36  Roach  
  108  7:41  Overlord  
  108  7:42  Overlord x5  
  96  7:53  Roach  
  94  8:04  Ravager  
  94  8:05  Ravager  
  92  8:07  Roach x4  
  100  8:15  Queen x2  
  105  8:20  Ravager  
  94  8:35  Roach x4  
  101  8:48  Roach  
  101  8:49  Roach x8  
  117  8:56  Queen  
  117  8:57  Drone x3  
  118  9:04  Ravager  
  118  9:05  Ravager x2  
  121  9:11  Roach  
  121  9:12  Roach x2  
  121  9:14  Ravager  
  121  9:15  Ravager  
Show
View Real Time Build Order
Export as new Build Order

Guardian Protoss - Winner!

Build Orders:  

Get SALT Encoding   

  12  0:01  Probe  
  13  0:13  Probe  
  14  0:19  Pylon  
  14  0:26  Probe  
  15  0:38  Probe  
  15  0:41  Gateway  
  16  0:48  Assimilator  
  16  0:50  Probe  
  17  1:02  Probe (Chrono Boost)  
  18  1:14  Probe (Chrono Boost), Gateway  
  19  1:21  Probe  
  19  1:24  Pylon  
  20  1:33  Probe  
  20  1:34  Cybernetics Core  
  21  1:43  Assimilator  
  21  1:45  Probe  
  22  2:07  Nexus  
  22  2:10  Adept  
  22  2:15  Warp Gate (Chrono Boost), Adept  
  26  2:29  Pylon  
  26  3:15  Probe (Chrono Boost)  
  26  3:17  Adept x2  
  26  3:19  Probe (Chrono Boost)  
  33  3:27  Probe (Chrono Boost)  
  33  3:30  Probe (Chrono Boost)  
  33  3:33  Probe (Chrono Boost)  
  35  3:35  Probe (Chrono Boost)  
  36  3:41  Probe  
  36  3:45  Pylon  
  36  3:46  Probe  
  38  3:53  Probe  
  38  3:58  Probe  
  39  4:04  Stalker x2  
  39  4:07  Probe  
  44  4:10  Probe  
  44  4:12  Assimilator  
  44  4:14  Assimilator  
  45  4:19  Probe  
  45  4:20  Robotics Facility  
  45  4:21  Assimilator  
  46  4:31  Probe x2  
  48  4:42  Sentry x2  
  52  4:45  Shield Battery  
  52  4:49  Probe (Chrono Boost)  
  52  4:50  Probe (Chrono Boost)  
  56  5:00  Probe x2 (Chrono Boost)  
  56  5:05  Stalker x2  
  60  5:16  Gateway  
  60  5:19  Gateway  
  60  5:28  Probe x2  
  62  5:39  Pylon  
  62  5:40  Pylon  
  62  5:41  Pylon  
  62  5:53  Robotics Facility  
  62  5:54  Pylon, Immortal (Chrono Boost)  
  62  5:57  Probe x2  
  68  6:14  Stargate  
  68  6:17  Forge  
  68  6:43  Stalker x4  
  76  6:48  Probe x2  
  76  6:52  Pylon  
  74  6:54  Pylon  
  74  6:58  Void Ray (Chrono Boost)  
  72  7:07  Immortal  
  72  7:08  Immortal  
  84  7:10  Stalker x3  
  84  7:11  Stalker  
  92  7:16  Protoss Ground Weapons Level 1 (Chrono Boost)  
  92  7:34  Gateway  
  92  7:36  Gateway  
  92  7:39  Pylon  
  92  7:41  Void Ray (Chrono Boost), Pylon  
  96  7:55  Twilight Council  
  94  8:03  Shield Battery  
  94  8:05  Shield Battery  
  94  8:13  Stalker  
  94  8:14  Stalker x3  
  94  8:19  Nexus  
  102  8:21  Pylon  
  102  8:22  Void Ray (Chrono Boost)  
  102  8:23  Pylon  
  104  8:35  Immortal  
  104  8:36  Observer  
Tags
 
Add a new tag
Caveats
  • Supply blocks, unpowered buildings, or Contaminate may cause inaccurate times.
  • Supply counts are checked every 10 seconds.